 Dungeon Crawl Stone Soup version 0.22.1-2-g9c5b331 (webtiles) character file.

114 Matador8 the Digger (level 4, -7/24 HPs)
             Began as a Gargoyle Earth Elementalist on Dec 21, 2018.
             Was an Initiate of Nemelex Xobeh.
             Mangled by an orc warrior
             ... wielding a +0 dire flail
              (12 damage)
             ... on level 2 of the Dungeon.
             The game lasted 00:10:28 (2072 turns).

Matador8 the Digger (Gargoyle Earth Elementalist)   Turns: 2072, Time: 00:10:30

Health: -7/24      AC:  6    Str: 12    XL:     4   Next: 97%
Magic:  5/7        EV: 11    Int: 16    God:    Nemelex Xobeh [......]
Gold:   48         SH:  0    Dex: 10    Spells: 1/7 levels left

rFire    . . .     SeeInvis .   a - +0 dagger
rCold    . . .     Gourm    .   (no shield)
rNeg     + . .     Faith    .   m - -1 leather armour (curse)
rPois    ∞         Spirit   .   (no helmet)
rElec    +         Reflect  .   r - +0 cloak
rCorr    .         Harm     .   (no gloves)
MR       .....                  (no boots)
Stlth    ++........             (no amulet)
HPRegen  0.08/turn              (no ring)
MPRegen  0.10/turn              (no ring)

@: no status effects
A: negative energy resistance 1, electricity resistance, unbreathing,
petrification resistance, rot immunity, AC +3
a: Renounce Religion


You were on level 2 of the Dungeon.
You worshipped Nemelex Xobeh.
Nemelex Xobeh was noncommittal.
You were not hungry.

You visited 1 branch of the dungeon, and saw 2 of its levels.

You collected 48 gold pieces.

Inventory:

Hand Weapons
 a - a +0 dagger (weapon)
 e - a +0 short sword
Missiles
 b - 68 stones (quivered)
 g - 7 poisoned needles
Armour
 c - a +0 robe
 h - a +0 scale mail
 m - a cursed -1 leather armour (worn)
 r - a +0 cloak (worn)
Scrolls
 f - a scroll of remove curse {unknown}
 l - a scroll of identify {unknown}
 o - a scroll of immolation {unknown}
 q - a scroll of enchant armour {unknown}
Potions
 i - a potion of agility {unknown}
 k - a potion of invisibility {unknown}
 n - a potion of might {unknown}
Miscellaneous
 p - an ornate deck of destruction {drawn: 1}
Comestibles
 d - a ration
 j - 6 chunks of flesh


   Skills:
 - Level 1.5 Dodging
 + Level 3.7 Stealth
 - Level 2.0 Spellcasting
 - Level 0.7 Transmutations
 * Level 5.8 Earth Magic
 + Level 0.2 Invocations


You had one spell level left.
You knew the following spells:

 Your Spells              Type           Power        Failure   Level  Hunger
a - Sandblast             Erth           ###...       2%          1    #......
b - Passwall              Tmut/Erth      ##......     11%         2    ###....
c - Stone Arrow           Conj/Erth      ##....       24%         3    ###....

Your spell library contained the following spells:

 Spells                   Type           Power        Failure   Level  Hunger
 Petrify                  Tmut/Erth      ##......     56%         4    #####..
 Lee's Rapid Deconstruct  Erth           ###.......   56%         5    ######.


Dungeon Overview and Level Annotations

Branches:
Dungeon (2/15)

Altars:
Nemelex Xobeh


Innate Abilities, Weirdness & Mutations

You are resistant to torment.
Your stone body is resilient. (AC +3)
You are immune to poison.
You resist negative energy. (rN+)
You are resistant to electric shocks. (rElec)
You can survive without breathing.
You are immune to petrification.
You are immune to rotting.


Message History

Confirm with . or Enter, or press ? or * to list all spells.
Aiming: Sandblast (safe; 2% risk of failure)
Press: ? - help, Shift-Dir - straight line, f - orc warrior
Aim: an orc warrior, wielding a dire flail and wearing a chain mail The blast of sand hits the orc warrior.
b - 69 stones The orc warrior hits you with a dire flail!!
Ouch! That really hurt!
* * * LOW HITPOINT WARNING * * *
Casting: Sandblast (safe; 2% risk of failure)
Confirm with . or Enter, or press ? or * to list all spells.
Aiming: Sandblast (safe; 2% risk of failure)
Press: ? - help, Shift-Dir - straight line, f/p - orc warrior
Aim: an orc warrior, wielding a dire flail and wearing a chain mail The blast of sand hits the orc warrior.
b - 68 stones The orc warrior hits you with a dire flail!
Ouch! That really hurt!
You die...
Your body disappears without a glow.

#...# #...# #...# #...#
####...########### #####
...#...#.........# #...#
####...#########.####.#.#########
#...# #.#....#.........# #...#
#@#.#####.######.# #...#
#o#.......# #.... #...#
#o######..# ##....
####...#########.........###.....
..##...##........................
#.........................#######
#................................
#####.#####....##....).......####
# #.## #........#.............


You could see an orc warrior and an orc wizard.

Vanquished Creatures
  A worker ant (D:2)
  4 adders (D:2)
  An ooze (D:2)
  A worm (D:2)
  3 leopard geckos
  2 giant cockroaches
  4 goblins
  3 hobgoblins
  3 jackals (D:1)
  4 bats
  4 frilled lizards
  10 kobolds
  3 rats (D:1)
43 creatures vanquished.

Vanquished Creatures (collateral kills)
  A goblin (D:2)
  A frilled lizard (D:2)
  A rat (D:2)
3 creatures vanquished.

Grand Total: 46 creatures vanquished

Notes
Turn   | Place    | Note
-------+----------+-------------------------------------------
     0 | D:1      | Matador8 the Gargoyle Earth Elementalist began the quest
                  | for the Orb.
     0 | D:1      | Reached XP level 1. HP: 10/10 MP: 3/3
   338 | D:1      | Reached skill level 4 in Earth Magic
   359 | D:1      | Reached XP level 2. HP: 13/15 MP: 0/5
   433 | D:1      | Learned a level 2 spell: Passwall
  1005 | D:1      | Reached XP level 3. HP: 15/19 MP: 6/6
  1210 | D:1      | Learned a level 3 spell: Stone Arrow
  1553 | D:2      | Reached skill level 5 in Earth Magic
  1739 | D:2      | Reached XP level 4. HP: 23/24 MP: 2/7
  1891 | D:2      | Found a sparkling altar of Nemelex Xobeh.
  1909 | D:2      | Became a worshipper of Nemelex Xobeh the Trickster
  1961 | D:2      | Received a gift from Nemelex Xobeh
  2060 | D:2      | Noticed an orc warrior
  2072 | D:2      | Mangled by an orc warrior

Skill      XL: |  1  2  3 |
---------------+----------+-----
Earth Magic    | 4 5 |  5.8
Stealth        | 3 |  3.7
Dodging        | |  1.5
Spellcasting   | |  2.0
Transmutations | |  0.7
Invocations    | |  0.2

Action                   |  1- 3 |  4- 6 || total
-------------------------+-------+-------++-------
Melee: Unarmed           |    10 |       ||    10
       Dagger            |   109 |    18 ||   127
 Cast: Sandblast         |    29 |    12 ||    41
Evoke: Deck              |       |     1 ||     1
 Stab: Sleeping          |     4 |     1 ||     5
  Eat: Chunk             |     3 |     2 ||     5
Armor: Robe              |    43 |       ||    43
       Leather armour    |     2 |     2 ||     4
Dodge: Dodged            |   102 |    13 ||   115
